 Dungeon Crawl Stone Soup version 0.29-a0-802-g34511f41fd (webtiles) character file.

Game seed: 177992549006469472

312 purpskrrrp the Covert (level 6, -4/39 HPs)
             Began as an Octopode Brigand on July 3, 2022.
             Was an Initiate of Gozag.
             Slain by a gnoll
             ... wielding a +0 club
             ... led by a gnoll sergeant
              (6 damage)
             ... on level 5 of the Dungeon.
             The game lasted 00:15:43 (3813 turns).

purpskrrrp the Covert (Octopode Brigand)            Turns: 3813, Time: 00:15:43

Health: -4/39      AC:  1    Str: 11    XL:     6   Next: 42%
Magic:  6/6        EV: 13    Int: 13    God:    Gozag
Gold:   156        SH:  0    Dex: 15    Spells: 2/5 levels left

rFire   + . .      SeeInvis .   k - +1 short sword (venom)
rCold   . . .      Faith    .   (no shield)
rNeg    . . .      Spirit   .   (helmet restricted)
rPois   .          Reflect  .   (no amulet)
rElec   .          Harm     .   i - ring of protection from fire
rCorr   .          Rampage  .   (no ring)
Will    .....                   (no ring)
Stlth   +++++.....              (no ring)
HPRegen 0.13/turn               (no ring)
MPRegen 0.10/turn               (no ring)
                                (no ring)
                                (no ring)

@: about to teleport
A: almost no armour, amphibious, 8 rings, camouflage 1, gelatinous body 1,
(nimble swimmer 1), tentacles
a: Renounce Religion, Potion Petition, Call Merchant, Bribe Branch


You were on level 5 of the Dungeon.
You worshipped Gozag.
Gozag was aware of your devotion.
You visited 2 branches of the dungeon, and saw 6 of its levels.

You collected 261 gold pieces.
You paid 105 gold pieces to Gozag.

Inventory:

Hand Weapons
 a - a +3 dagger
 k - a +1 short sword of venom (weapon)
Missiles
 b - 17 poisoned darts
 c - 3 curare-tipped darts (quivered)
Jewellery
 i - a ring of protection from fire (left tentacle)
Wands
 h - a wand of polymorph (11)
Scrolls
 d - a scroll of enchant armour
 e - 2 scrolls of teleportation
 g - a scroll of silence
 l - 2 scrolls of identify
Potions
 f - 2 potions of curing
 j - 2 potions of haste {unknown}
 n - a potion of heal wounds {unknown}


   Skills:
 + Level 2.3 Fighting
 * Level 3.6 Short Blades
 + Level 2.6 Throwing
 + Level 1.3 Dodging
 * Level 8.8 Stealth


You had 2 spell levels left.
You knew the following spells:

 Your Spells              Type           Power      Damage    Failure   Level
a - Spider Form           Tmut/Pois      0%         N/A       67%         3

Your spell library contained the following spells:

 Spells                   Type           Power      Damage    Failure   Level
 Slow                     Hex            0%         N/A       30%         1
 Ensorcelled Hibernation  Hex/Ice        0%         N/A       43%         2
 Confusing Touch          Hex            0%         N/A       67%         3
 Frozen Ramparts          Ice            0%         1d2       67%         3
 Vampiric Draining        Necr           0%         2d6       67%         3
 Anguish                  Hex/Necr       0%         N/A       97%         4
 Ice Form                 Ice/Tmut       0%         N/A       97%         4
 Summon Ice Beast         Ice/Summ       0%         N/A       97%         4


Dungeon Overview and Level Annotations

Branches:
Dungeon (5/15)             Temple (1/1) D:5

Altars:
Ashenzari
Dithmenos
Fedhas
Gozag
Makhleb
Qazlal
Ru
Sif Muna
Trog
Uskayaw
Vehumet
Wu Jian
Xom
Yredelemnul
The Shining One

Annotations:
D:5 Eustachio, Pikel


Innate Abilities, Weirdness & Mutations

You cannot wear most types of armour.
You are amphibious.
You can wear up to eight rings at the same time.
Your skin changes colour to match your surroundings (Stealth+).
Your rubbery body absorbs attacks. (AC +1, EV +1)
((You are camouflaged when in or above water. (Stealth+)))
You have tentacles for arms and can constrict up to eight enemies at once.


Message History

Your grab misses the lemure.
You tentacle-slap the lemure, but do no damage.
The lemure is moderately wounded.
You constrict the bullfrog. The bullfrog hits you.
The lemure completely misses you.
Eustachio the Magnificent comes into view.
He is wielding a +0 falchion and carrying a wand of flame (13).
Unknown command.
As you read the scroll of teleportation, it crumbles to dust.
You feel strangely unstable.
You constrict the bullfrog. The bullfrog barely misses you.
The lemure barely misses you. The bullfrog hits you.
You hit the bullfrog.
The bullfrog is poisoned.
The bullfrog is heavily wounded.
You constrict the bullfrog. The bullfrog barely misses you.
The lemure hits you.
* * * LOW HITPOINT WARNING * * *
Eustachio gestures wildly while chanting.
Eustachio blinks!
You feel better.
You constrict the bullfrog. The bullfrog hits you.
The lemure closely misses you.
Eustachio mumbles some strange words.
The bullfrog hits you.
You feel better.
Your surroundings suddenly seem different.
You lose your grip on something.
A gnoll sergeant and 3 gnolls come into view.
Found 8 gold pieces.
Found a stone staircase leading down.
The gnoll shouts! x2
The gnoll sergeant hits you from afar with a +0 spear!
* * * LOW HITPOINT WARNING * * *
You hear a shout!
As you read the scroll of teleportation, it crumbles to dust.
You feel strangely unstable. The gnoll closely misses you.
The gnoll sergeant hits you from afar with a +0 spear!
* * * LOW HITPOINT WARNING * * *
As you read the scroll labelled QUARUE NYRE, it crumbles to dust.
The scroll dissolves into smoke.
It was a scroll of fog.
The gnoll hits you with a +0 club.
You die...
Your body crumbles into a pile of gold.

...
#..........
...
##..........
...
...........
#.......>..
........$. [
...§..... J.
#g§§..... .#
#@§g.....
##§g.g...
.......
.......
.......
.......
.......
.......


You could see a gnoll sergeant and 2 gnolls.

Vanquished Creatures
  A scorpion (D:5)
  The ghost of zhov the Cudgeller, a weakling DsFi (D:3)
  A hound (D:4)
  2 iguanas
  Robin (D:3)
  2 adders
  3 worms
  2 dart slugs (D:3)
  9 orcs
  7 endoplasms
  4 giant cockroaches
  16 goblins
  3 hobgoblins
  A quokka (D:4)
  4 ball pythons
  3 bats
  9 frilled lizards
  7 kobolds
  3 rats
79 creatures vanquished.

Vanquished Creatures (others)
  13 plants (D:3)
  2 withered plants (D:3)
15 creatures vanquished.

Grand Total: 94 creatures vanquished

Notes
Turn   | Place    | Note
-------+----------+-------------------------------------------
     0 | D:1      | purpskrrrp the Octopode Brigand began the quest for the
                  | Orb.
     0 | D:1      | Reached XP level 1. HP: 14/14 MP: 1/1
   265 | D:1      | Reached XP level 2. HP: 19/19 MP: 2/2
   275 | D:1      | Reached skill level 6 in Stealth
   729 | D:2      | Found a faded altar of an unknown god.
  1325 | D:2      | Reached XP level 3. HP: 6/24 MP: 3/3
  1828 | D:3      | Reached skill level 7 in Stealth
  2031 | D:3      | Found a runed translucent door.
  2031 | D:3      | Noticed zhov's ghost (weakling DsFi)
  2224 | D:3      | Reached XP level 4. HP: 29/29 MP: 4/4
  2245 | D:3      | Noticed Robin
  2253 | D:3      | Killed Robin
  2755 | D:3      | HP: 1/29 [zhov's ghost (11)]
  2766 | D:3      | Killed zhov's ghost
  2767 | D:3      | Reached XP level 5. HP: 33/34 MP: 5/5
  3066 | D:4      | Learned a level 3 spell: Spider Form
  3085 | D:4      | Reached skill level 8 in Stealth
  3284 | D:5      | Entered Level 5 of the Dungeon
  3433 | D:5      | Reached XP level 6. HP: 28/39 MP: 6/6
  3717 | D:5      | Found a staircase to the Ecumenical Temple.
  3727 | Temple   | Entered the Ecumenical Temple
  3734 | Temple   | Became a worshipper of Gozag Ym Sagoz the Greedy
  3806 | D:5      | Noticed Pikel
  3807 | D:5      | Noticed Eustachio
  3813 | D:5      | Slain by a gnoll

Illustrated notes

Levels and vault maps discovered:
D:1:      lightli_arrival_quake, layout_rooms
D:2:      layout_loops_ring, chequers_ecumenical_altar_simple,
          kennysheep_generic_room_16
D:3:      layout_loops_corners, gammafunk_ghost_grave, serial_bayou,
          serial_bayou_pond_e, serial_bayou_lagoon_b, serial_bayou_pond_a,
          serial_bayou_shore_b, serial_bayou_lagoon_a, serial_bayou_shore_a,
          uniq_robin
D:4:      layout_rooms
D:5:      layout_rooms, minmay_temple_entry_poolview, minmay_misc_feat_roman,
          uniq_eustachio, uniq_pikel
Temple:   minmay_freezing_vapour_temple

Skill      XL: |  1  2  3  4  5 |
---------------+----------------+-----
Stealth        | 6 7 8 |  8.8
Short Blades   | 3 |  3.6
Fighting       | |  2.3
Throwing       | |  2.6
Dodging        | |  1.3

Action                   |  1- 3 |  4- 6 || total
-------------------------+-------+-------++-------
Melee: Dagger            |    50 |       ||    50
       Constrict         |    13 |    16 ||    29
       Tentacles         |    12 |    15 ||    27
       Short sword       |    21 |    77 ||    98
       Punch             |       |     1 ||     1
Throw: Dart              |    15 |    22 ||    37
  Use: Scroll            |     6 |     6 ||    12
       Potion            |       |     6 ||     6
 Stab: Sleeping          |    13 |    11 ||    24
       Distracted        |       |     1 ||     1
Armor: Skin              |     4 |       ||     4
Dodge: Dodged            |    15 |    47 ||    62

Table legend: (Time is in decaauts)
 A = Elapsed time spent in this place.
 B = Non-inter-level travel time spent in this place.
 C = Inter-level travel time spent in this place.
 D = Time resting spent in this place.
 E = Time spent auto-exploring this place.
 F = Levels seen in this place.
 G = Mean time per level.
                   A        B        C        D        E       F      G
               +--------+--------+--------+--------+--------+-----+--------+
         Total |   3809 |   3693 |    116 |    728 |   2174 |   6 |  634.8 |
       Dungeon |   3795 |   3679 |    116 |    728 |   2174 |   5 |  759.0 |
        Temple |     14 |     14 |      0 |      0 |      0 |   1 |   14.0 |
               +--------+--------+--------+--------+--------+-----+--------+

Top non-repeatable levels by time:
     D:3: 1421 daAuts
     D:2: 958 daAuts
     D:1: 680 daAuts
     D:5: 411 daAuts
     D:4: 324 daAuts
  Temple: 14 daAuts
